 Dungeon Crawl Stone Soup version 0.19.4 (webtiles) character file.

130 empire the Gusty (level 4, -1/24 HPs)
             Began as a Deep Elf Air Elementalist on Feb 3, 2017.
             Was an Initiate of Sif Muna.
             Slain by a kobold (3 damage)
             ... on level 3 of the Dungeon.
             The game lasted 00:07:20 (3240 turns).

empire the Gusty (Deep Elf Air Elementalist)        Turns: 3240, Time: 00:07:21

Health: -1/24      AC:  3    Str:  5    XL:     4   Next: 89%
Magic:  10/10      EV: 13    Int: 21    God:    Sif Muna [......]
Gold:   112        SH:  0    Dex: 15    Spells: 4 memorised, 1 level left

rFire  . . .     SeeInvis .     a - -2 short sword (curse)
rCold  . . .     Gourm    .     d - +1 robe
rNeg   . . .     Faith    .     (no shield)
rPois  .         Spirit   .     (no helmet)
rElec  .         Reflect  .     (no cloak)
rCorr  .         Harm     .     (no gloves)
MR     .....                    (no boots)
Stlth  ++........               (no amulet)
                                (no ring)
                                (no ring)

@: no status effects
A: no striking features
a: Renounce Religion


You were on level 3 of the Dungeon.
You worshipped Sif Muna.
Sif Muna was noncommittal.
You were not hungry.

You visited 1 branch of the dungeon, and saw 3 of its levels.

You collected 112 gold pieces.

Inventory:

Hand Weapons
 a - a cursed -2 short sword (weapon)
 h - a +0 short sword
 i - a +1 dagger of freezing
Armour
 d - a +1 robe (worn)
Scrolls
 k - a scroll of identify
 m - a scroll of fog {unknown}
Potions
 e - a potion of flight {unknown}
 f - a potion of cure mutation
 j - a potion of brilliance {unknown}
Books
 b - a book of Air

   Spells                             Type                      Level
   a - Shock                          Conjuration/Air              1
   b - Swiftness                      Charms/Air                   2
   c - Repel Missiles                 Charms/Air                   2
   d - Static Discharge               Conjuration/Air              3
   e - Lightning Bolt                 Conjuration/Air              5
 g - Sif Muna's Catalogue of Slavery
   (You found it on level 2 of the Dungeon)

   Spells                             Type                      Level
   a - Summon Butterflies             Summoning                    1
Comestibles
 c - 2 bread rations
 l - a chunk of flesh


   Skills:
 - Level 2.4 Dodging
 - Level 2.4 Stealth
 - Level 3.0 Spellcasting
 + Level 3.4 Conjurations
 + Level 4.6 Air Magic


You had one spell level left.
You knew the following spells:

 Your Spells              Type           Power        Failure   Level  Hunger
a - Shock                 Conj/Air       ###.         2%          1    None
b - Swiftness             Chrm/Air       ##......     10%         2    ##.....
c - Repel Missiles        Chrm/Air       ##....       10%         2    ##.....
d - Static Discharge      Conj/Air       ###.....     10%         3    ###....


Dungeon Overview and Level Annotations

Branches:
Dungeon (3/15)

Altars:
Fedhas
Kikubaaqudgha
Sif Muna
Vehumet
Zin

Annotations:
D:3 empire's ghost, amateur DsMo


Message History

The magic dart hits you!
* * * LOW HITPOINT WARNING * * *
Empire's ghost barely misses you. The orc wizard barely misses you.
The kobold throws a stone.
The stone closely misses you.
The stone hits the orc.
The orc misses you.
The orc wizard hits you but does no damage.
The adder bites you.
* * * LOW HITPOINT WARNING * * *
The orc hits you from afar with a trident.
* * * LOW HITPOINT WARNING * * *
The orc misses you. The adder barely misses you.
The orc wizard hits you but does no damage.
A rat comes into view.
There is a stone staircase leading down here.
The adder completely misses you. The orc barely misses you. x2
The adder closely misses you.
Empire's ghost whispers, "Death doesn't hurt.
What you feel is life."
Empire's ghost hits you but does no damage.
The orc wizard misses you. The kobold hits you.
You die...

#..........#
##......r...#
...........#
##........##
#..........# ♣#
#...?......#
♣.###..o.W.(...# #
♣.......@oo....###.#
♣.......KS.........# ♣
♣.#....o........### ♣.♣♣
# #............##
#.#.####....####..#$...#
#....#......#
#.o.####...
##.....(...###.#.# .#
####....##....##..#.# #
#....#.###.#....{##..


You could see an orc wizard, empire's ghost, an adder, 4 orcs, a kobold and a
rat (wandering).

Vanquished Creatures
  Jessica (D:2)
  Ijyb (D:2)
  3 adders
  An ooze (D:1)
  A leopard gecko (D:1)
  An orc (D:2)
  6 bats
  A giant cockroach (D:3)
  3 goblins
  8 hobgoblins
  7 frilled lizards
  10 kobolds
  8 rats
51 creatures vanquished.

Notes
Turn   | Place    | Note
-------+----------+-------------------------------------------
     0 | D:1      | empire the Deep Elf Air Elementalist began the quest for the Orb.
     0 | D:1      | Reached XP level 1. HP: 10/10 MP: 6/6
   383 | D:1      | Reached XP level 2. HP: 15/15 MP: 0/8
  1544 | D:1      | Reached XP level 3. HP: 19/19 MP: 6/9
  1934 | D:2      | Reached skill level 4 in Air Magic
  2012 | D:2      | Learned a level 2 spell: Swiftness
  2015 | D:2      | Learned a level 2 spell: Repel Missiles
  2019 | D:2      | Learned a level 3 spell: Static Discharge
  2113 | D:2      | Noticed Jessica
  2122 | D:2      | Killed Jessica
  2276 | D:2      | Noticed Ijyb
  2286 | D:2      | Killed Ijyb
  2286 | D:2      | Reached XP level 4. HP: 19/24 MP: 0/10
  2416 | D:2      | Found a blossoming altar of Fedhas.
  2597 | D:2      | Found a glowing silver altar of Zin.
  2673 | D:2      | Found a deep blue altar of Sif Muna.
  2673 | D:2      | Found an ancient bone altar of Kikubaaqudgha.
  2675 | D:2      | Found a radiant altar of Vehumet.
  2679 | D:2      | Identified Sif Muna's Catalogue of Slavery
  2682 | D:2      | Became a worshipper of Sif Muna the Loreminder
  3210 | D:3      | Noticed empire's ghost (amateur DsMo)
  3240 | D:3      | Slain by a kobold

Skill      XL: |  1  2  3  4 |
---------------+-------------+-----
Conjurations   | 2 3 |  3.4
Air Magic      | 4 |  4.6
Dodging        | |  2.4
Stealth        | |  2.4
Spellcasting   | |  3.0

Action                   |  1- 3 |  4- 6 || total
-------------------------+-------+-------++-------
Melee: Dagger            |    33 |       ||    33
       Short sword       |    56 |     7 ||    63
 Cast: Shock             |    59 |    30 ||    89
  Use: Scroll            |     2 |     2 ||     4
 Stab: Sleeping          |     1 |     2 ||     3
  Eat: Chunk             |     4 |     3 ||     7
Armor: Robe              |    18 |     4 ||    22
Dodge: Dodged            |    95 |    28 ||   123
